[Event "ICC tourney 1904 (10 3)"]
[Site "Internet Chess Club"]
[Date "2020.07.05"]
[Round "5"]
[White "mdbgaccp"]
[Black "Adhvaith0406"]
[Result "1-0"]
[ICCResult "Black forfeits on time"]
[WhiteElo "1582"]
[BlackElo "1396"]
[Opening "Queen's Indian: old main line, 9.Qxc3"]
[ECO "E19"]
[NIC "QI.13"]
[Time "14:25:25"]
[TimeControl "600+3"]

1. d4 Nf6 2. c4 e6 3. Nf3 b6 4. g3 Bb7 5. Bg2 Be7 6. O-O O-O 7. Nc3 Ne4 8.
Qc2 Nxc3 9. Qxc3 c5 10. Qc2 Nc6 11. dxc5 bxc5 12. a3 Bf6 13. Rb1 Qb6 14. Rd1
Rad8 15. Bf4 d5 16. cxd5 exd5 17. b4 c4 18. Ng5 Bxg5 19. Bxg5 f6 20. Be3 d4
21. Qxc4+ Kh8 22. Bf4 Ne5 23. Qc5 Bxg2 24. Kxg2 Qb7+ 25. Kg1 d3 26. Bxe5
dxe2 27. Rxd8 Rxd8 28. Re1 fxe5 29. Qxe5 h6 30. Qxe2 Qd7 31. Qe7 Qd4 32. Qe3
Qd7 33. Kg2 Rf8 34. f3 Rc8 35. Qe6 Qd2+ 36. Re2 Qc3 37. Qe3 Qc7 38. h4 a6
39. g4 Qc6 40. g5 Rf8 41. Qe4 {Black forfeits on time} 1-0

[Event "ICC tourney 1904 (10 3)"]
[Site "Internet Chess Club"]
[Date "2020.07.05"]
[Round "5"]
[White "MIEMBR"]
[Black "kralj8"]
[Result "0-1"]
[ICCResult "White forfeits on time"]
[WhiteElo "1579"]
[BlackElo "1592"]
[Opening "Queen's pawn game, Darooha variation "]
[ECO "D02"]
[NIC "QP.08"]
[Time "14:25:08"]
[TimeControl "600+3"]

1. d4 d5 2. Nf3 Nf6 3. g3 e6 4. Bg2 c5 5. O-O Nc6 6. c4 Be7 7. cxd5 exd5 8.
dxc5 Bxc5 9. Qc2 Be7 10. a3 O-O 11. Nc3 Be6 12. Rd1 Qb6 13. Be3 Qc7 14. Bf4
Qb6 15. Be3 Qc7 16. Rac1 Rfd8 17. Bf4 Qb6 18. Na4 Qa5 19. b4 Qa6 20. Bf1
Rac8 21. e3 b5 22. Nc5 Bxc5 23. bxc5 Qb7 24. Nd4 a6 25. Rb1 Qa7 26. Bg2 h6
27. Nf5 Bxf5 28. Qxf5 Qxc5 29. Rbc1 Qe7 30. Bxd5 g6 31. Qxg6+ Kf8 32. Bxh6+
Ke8 33. Bxf7+ Qxf7 34. Rxd8+ Rxd8 35. Qxf7+ Kxf7 36. Rxc6 Rd3 37. Bg5 Ne4
38. Rc7+ Ke6 39. Re7+ Kf5 40. Bf4 Nf6 41. Re5+ Kg6 42. Rg5+ Kf7 43. Kg2 Rxa3
44. h4 b4 45. Rc5 b3 46. Be5 Nd7 47. Rd5 Nxe5 48. Rxe5 b2 49. Re4 b1=Q
{White forfeits on time}
0-1

[Event "ICC tourney 1904 (10 3)"]
[Site "Internet Chess Club"]
[Date "2020.07.05"]
[Round "5"]
[White "BobbyFissure"]
[Black "hanslaw"]
[Result "0-1"]
[ICCResult "White forfeits on time"]
[WhiteElo "1407"]
[BlackElo "1213"]
[Opening "R?ti: Nimzovich-Larsen attack"]
[ECO "A06"]
[NIC "QP.09"]
[Time "14:26:00"]
[TimeControl "600+3"]

1. Nf3 d5 2. b3 f6 3. d4 b6 4. Ba3 Bb7 5. e3 Nd7 6. Bd3 Rc8 7. O-O c5 8. c4
e6 9. Nc3 Bd6 10. Nb5 Bb8 11. Nh4 Qe7 12. Qh5+ Qf7 13. Bg6 hxg6 14. Qxh8 Ke7
15. dxc5 bxc5 16. cxd5 exd5 17. Qh7 Nf8 18. Qh8 Nh6 19. Bxc5+ Rxc5 20. Rac1
Rxb5 21. Rc2 Rb6 22. Rfc1 Ke6 23. Nxg6 Qxg6 24. Qxf8 Qh5 25. Rc8 Qxh2+ 26.
Kf1 Ba6+ 27. Ke1 Qh1+ 28. Kd2 Qxg2 29. Re8+ Kf5 {White forfeits on time} 0-1

[Event "ICC tourney 1904 (10 3)"]
[Site "Internet Chess Club"]
[Date "2020.07.05"]
[Round "5"]
[White "Chessplayer44"]
[Black "StevChess01"]
[Result "0-1"]
[ICCResult "White forfeits on time"]
[WhiteElo "1515"]
[BlackElo "1353"]
[Opening "Queen's pawn: stonewall attack"]
[ECO "A45"]
[NIC "QP.07"]
[Time "14:25:09"]
[TimeControl "600+3"]

1. d4 Nf6 2. e3 d5 3. Bd3 Bg4 4. f3 Bh5 5. Ne2 Bg6 6. O-O Bxd3 7. cxd3 e6 8.
Nbc3 c6 9. Bd2 Nbd7 10. Ng3 Bd6 11. Qe2 Qc7 12. Be1 O-O 13. e4 e5 14. dxe5
Bxe5 15. Rc1 Qb6+ 16. Bf2 Bd4 17. Na4 Bxf2+ 18. Rxf2 Qd4 19. b3 g6 20. f4 h5
21. Qd2 Ng4 22. Rf1 Nxf2 23. Rxf2 Nc5 24. Nb2 dxe4 25. dxe4 Qxd2 26. Rxd2
Rad8 27. Re2 Nd3 28. f5 Nxb2 29. Rxb2 Rd1+ 30. Kf2 Rfd8 31. Nf1 R1d4 32. Kf3
Kg7 33. h3 gxf5 34. exf5 Kf6 35. g4 hxg4+ 36. hxg4 Rd3+ 37. Ne3 Rd2 38. Rb1
Rxa2 39. Rh1 b5 40. Rh6+ Ke5 41. Rxc6 a6 42. Rc5+ Kf6 43. Nd5+ Kg7 44. f6+
Kg6 45. g5 Rd2 46. Ne7+ Kh7 47. Rc1 R2d3+ 48. Ke2 Rh3 49. Rf1 Rdd3 50. Rf4
Rxb3 51. g6+ fxg6 52. f7 Rb2+ 53. Ke1 Rh1+ 54. Rf1 Rb1+ 55. Ke2 Rbxf1 56.
f8=Q Rxf8 57. Nd5 Rh3 {White forfeits on time} 0-1

[Event "ICC tourney 1904 (10 3)"]
[Site "Internet Chess Club"]
[Date "2020.07.05"]
[Round "5"]
[White "shamith"]
[Black "Mitochondria"]
[Result "1-0"]
[ICCResult "Black forfeits on time"]
[WhiteElo "1386"]
[BlackElo "1207"]
[Opening "English opening"]
[ECO "A20"]
[NIC "EO.24"]
[Time "14:26:00"]
[TimeControl "600+3"]

1. c4 e5 2. g3 Nf6 3. Bg2 d5 4. cxd5 Nxd5 5. Nc3 c6 6. Nf3 Bd6 7. O-O O-O 8.
d3 Bg4 9. Bd2 Nd7 10. a3 N7f6 11. b4 a6 12. Rc1 Qb6 13. Na4 Qc7 14. Qc2 Rfe8
15. Nc3 Nxc3 16. Bxc3 Rac8 17. h3 Bf5 18. Nd2 Qd8 19. Nc4 e4 20. dxe4 Bxe4
21. Bxf6 Qxf6 22. Bxe4 h6 23. Nxd6 Qxd6 24. Bg2 Qe5 25. e3 Rcd8 26. Rfd1 Qf6
27. Rd2 Rxd2 28. Qxd2 Rd8 29. Qc3 Qd6 30. Bf3 Qd7 31. Kg2 g6 32. e4 h5 33.
h4 Qd6 34. e5 Qd7 35. Qc5 Qd3 36. Rc3 Qd2 37. Re3 Qd7 38. a4 Qd2 39. b5 Qa2
40. bxc6 Rd2 41. Rc3 Rxf2+ 42. Qxf2 Qa1 43. cxb7 Qxc3 44. b8=Q+ Kg7 45. Qd8
Qc4 46. Qf6+ Kh7 47. e6 fxe6 48. Q2b2 {Black forfeits on time} 1-0

[Event "ICC tourney 1904 (10 3)"]
[Site "Internet Chess Club"]
[Date "2020.07.05"]
[Round "6"]
[White "clair"]
[Black "CheddarCheng1"]
[Result "1-0"]
[ICCResult "Black resigns"]
[WhiteElo "1321"]
[BlackElo "1337"]
[Opening "Queen's pawn: London system"]
[ECO "A45"]
[NIC "QP.07"]
[Time "15:11:08"]
[TimeControl "600+3"]

1. d4 Nf6 2. Bf4 g6 3. Nc3 d5 4. Qd2 Bg7 5. f3 O-O 6. O-O-O a5 7. Bh6 a4 8.
a3 Nbd7 9. g4 c5 10. e3 cxd4 11. exd4 Nb6 12. h4 Nc4 13. Bxc4 dxc4 14. h5
Bd7 15. Bxg7 Kxg7 16. hxg6 fxg6 17. Qh6+ Kf7 18. g5 Ng8 19. Qxh7+
{Black resigns}
1-0

[Event "ICC tourney 1904 (10 3)"]
[Site "Internet Chess Club"]
[Date "2020.07.05"]
[Round "6"]
[White "TheOrcaPro"]
[Black "harrislencz"]
[Result "0-1"]
[ICCResult "White resigns"]
[WhiteElo "1453"]
[BlackElo "1416"]
[Opening "Sicilian: Pelikan (Lasker/Sveshnikov) variation"]
[ECO "B33"]
[NIC "SI.35"]
[Time "15:11:10"]
[TimeControl "600+3"]

1. e4 c5 2. Nf3 Nc6 3. d4 cxd4 4. Nxd4 Nf6 5. Nc3 e5 6. Nf3 Bb4 7. Bd3 d5 8.
Bd2 Bxc3 9. Bxc3 dxe4 10. Nxe5 exd3 11. Nxd3 O-O 12. Kd2 Ne4+ 13. Kc1 Nxc3
14. bxc3 Bf5 15. Qf3 Bg6 16. g4 Qa5 17. Nf4 Ne5 18. Qg3 Rfd8 19. h4 Qa3+ 20.
Kb1 Nc4 {White resigns} 0-1

[Event "ICC tourney 1904 (10 3)"]
[Site "Internet Chess Club"]
[Date "2020.07.05"]
[Round "6"]
[White "DEEEFENDER"]
[Black "atharvamchess"]
[Result "0-1"]
[ICCResult "White resigns"]
[WhiteElo "1137"]
[BlackElo "1259"]
[Opening "Queen's pawn game, Darooha variation "]
[ECO "D02"]
[NIC "QP.08"]
[Time "15:11:23"]
[TimeControl "600+3"]

1. d4 d5 2. Nf3 Nf6 3. c4 e6 4. a3 c5 5. Nc3 Nc6 6. h3 cxd4 7. Nxd4 Nxd4 8.
Qxd4 dxc4 9. Qxd8+ Kxd8 10. e4 b6 11. Bxc4 Bb7 12. Bd3 Bc5 13. O-O Ke7 14.
Bg5 h6 15. Bh4 g5 16. Bg3 Rhd8 17. Bc2 Kf8 18. Rac1 Bd4 19. Rfe1 Bxc3 20.
bxc3 Rac8 21. Bb3 Nxe4 22. Re3 Nxg3 23. Rxg3 Bd5 24. Bxd5 Rxd5 25. c4 Rdc5
26. Rgc3 b5 27. f3 Rxc4 28. Rxc4 Rxc4 29. Rb1 Rc5 30. Kf2 a6 31. Rd1 Ke7 32.
Rd3 Rd5 33. Rc3 Kd6 34. Ke3 f5 35. g3 Rc5 36. Rd3+ Kc6 37. f4 gxf4+ 38. Kxf4
Rc4+ 39. Ke3 Re4+ 40. Kf3 a5 41. g4 Rc4 42. gxf5 exf5 43. Re3 Kd5 44. Rd3+
Rd4 45. Rb3 b4 46. axb4 Rxb4 47. Rd3+ Kc4 48. Ra3 Rb3+ 49. Kf4 Rxa3
{White resigns}
0-1

[Event "ICC tourney 1904 (10 3)"]
[Site "Internet Chess Club"]
[Date "2020.07.05"]
[Round "6"]
[White "Zwish"]
[Black "PearsonH"]
[Result "1-0"]
[ICCResult "Black resigns"]
[WhiteElo "1131"]
[BlackElo "1380"]
[Opening "Anderssen's opening"]
[ECO "A00"]
[NIC "VO.14"]
[Time "15:11:04"]
[TimeControl "600+3"]

1. a3 d5 2. Nf3 c5 3. c4 Nf6 4. cxd5 Nxd5 5. e3 Nc6 6. Be2 e5 7. Qc2 Be7 8.
O-O Be6 9. d3 O-O 10. Nbd2 f6 11. b3 Qd7 12. Bb2 Rfd8 13. Rac1 Nc7 14. Ne4
Na6 15. d4 cxd4 16. Bxa6 bxa6 17. Qxc6 Qxc6 18. Rxc6 Bd5 19. Rc7 Bxe4 20.
Rxe7 dxe3 21. fxe3 Rd3 22. Bc1 Rxb3 23. Nd2 Rxe3 24. Kf2 {Black resigns} 1-0

[Event "ICC tourney 1904 (10 3)"]
[Site "Internet Chess Club"]
[Date "2020.07.05"]
[Round "6"]
[White "Mitochondria"]
[Black "Ben2008"]
[Result "0-1"]
[ICCResult "White resigns"]
[WhiteElo "1200"]
[BlackElo "1321"]
[Opening "QGD: Tartakower (Makagonov-Bondarevsky) system"]
[ECO "D58"]
[NIC "QO.10"]
[Time "15:11:05"]
[TimeControl "600+3"]

1. d4 d5 2. c4 e6 3. Nc3 Nf6 4. Nf3 Be7 5. Bg5 h6 6. Bh4 O-O 7. e3 b6 8. Bd3
Bb7 9. O-O Nbd7 10. Rc1 c5 11. Qe2 Rc8 12. cxd5 Nxd5 13. Bxe7 Qxe7 14. a3
cxd4 15. Nxd4 Nxc3 16. Rxc3 Rxc3 17. bxc3 Qxa3 18. Qc2 Rc8 19. Rc1 Ne5 20.
Nb5 Qc5 21. Nxa7 Ra8 22. Nb5 Qd5 23. e4 Qxd3 24. Qxd3 Nxd3 25. Rb1 Bxe4 26.
f3 Bg6 27. h4 Ra2 28. Rd1 Nf4 29. g4 Bd3 30. Nd6 Nh3+ 31. Kh1 Nf2+
{White resigns}
0-1

[Event "ICC tourney 1904 (10 3)"]
[Site "Internet Chess Club"]
[Date "2020.07.05"]
[Round "6"]
[White "gardemarin13"]
[Black "JGroder"]
[Result "1-0"]
[ICCResult "Black checkmated"]
[WhiteElo "1747"]
[BlackElo "1467"]
[Opening "Sicilian: Grand Prix attack"]
[ECO "B23"]
[NIC "SI.44"]
[Time "15:11:21"]
[TimeControl "600+3"]

1. e4 c5 2. Nc3 Nc6 3. f4 d6 4. Nf3 e6 5. Bb5 Bd7 6. d3 a6 7. Bxc6 Bxc6 8.
O-O b5 9. Qe1 Qb6 10. f5 Nf6 11. fxe6 fxe6 12. Ng5 e5 13. Qh4 O-O-O 14. Nf7
Be7 15. Qh3+ Bd7 16. Qg3 Nh5 17. Qe3 Rhf8 18. Nd5 Qb7 19. Nxe7+ Kb8 20. Nxd8
Rxd8 21. Nd5 g6 22. Rf7 c4 23. Bd2 Nf4 24. Nxf4 exf4 25. Qxf4 Qb6+ 26. Be3
Qc7 27. Rf8 Kb7 28. Rxd8 Qxd8 29. Qxd6 Kc8 30. Bb6 Qxb6+ 31. Qxb6 cxd3 32.
cxd3 Bc6 33. Rc1 Kd7 34. Rxc6 Ke7 35. Rc7+ Kf8 36. Qb8# {Black checkmated}
1-0

[Event "ICC tourney 1904 (10 3)"]
[Site "Internet Chess Club"]
[Date "2020.07.05"]
[Round "6"]
[White "xiaow"]
[Black "poohfur"]
[Result "1-0"]
[ICCResult "Black resigns"]
[WhiteElo "1393"]
[BlackElo "1265"]
[Opening "Giuoco Pianissimo"]
[ECO "C50"]
[NIC "IG.02"]
[Time "15:11:30"]
[TimeControl "600+3"]

1. e4 e5 2. Nf3 Nc6 3. Bc4 Bc5 4. d3 Nf6 5. O-O O-O 6. Be3 d6 7. Bxc5 dxc5
8. h3 Qd6 9. Nc3 a6 10. a3 b5 11. Ba2 b4 12. Nd5 Bb7 13. Qd2 a5 14. Nh4 Nd4
15. c3 Nxd5 16. cxd4 Nf4 17. Nf5 Qg6 18. Ne7+ Kh8 19. Nxg6+ fxg6 20. dxe5
{Black resigns}
1-0

[Event "ICC tourney 1904 (10 3)"]
[Site "Internet Chess Club"]
[Date "2020.07.05"]
[Round "6"]
[White "Chessmasterrus"]
[Black "JensenUVA"]
[Result "1-0"]
[ICCResult "Black resigns"]
[WhiteElo "1534"]
[BlackElo "1462"]
[Opening "Sicilian: accelerated fianchetto, modern variation"]
[ECO "B34"]
[NIC "SI.31"]
[Time "15:11:39"]
[TimeControl "600+3"]

1. e4 c5 2. Nf3 Nc6 3. Nc3 g6 4. d4 cxd4 5. Nxd4 Bg7 6. Nxc6 bxc6 7. Bd2 Nf6
8. Bd3 O-O 9. O-O d5 10. exd5 cxd5 11. h3 e5 12. Bg5 h6 13. Bh4 g5 14. Bg3
Re8 15. Bb5 Re7 16. Re1 e4 17. Bc6 Bb7 18. Bxb7 Rxb7 19. Be5 Rd7 20. Qd4 Rc8
21. Rad1 Rc4 22. Qd2 Rc5 23. Bd4 Rc8 24. Qe3 a6 25. f4 gxf4 26. Qxf4 Nh5 27.
Qg4 Qg5 28. Qxd7 Bxd4+ 29. Rxd4 Rd8 30. Qg4 Qxg4 31. hxg4 Nf6 32. Nxe4 Nxg4
33. Nc5 Rc8 34. Rxg4+ Kh7 35. Nd7 {Black resigns} 1-0

[Event "ICC tourney 1904 (10 3)"]
[Site "Internet Chess Club"]
[Date "2020.07.05"]
[Round "6"]
[White "Chessplayer44"]
[Black "imranchamp"]
[Result "1-0"]
[ICCResult "Black checkmated"]
[WhiteElo "1517"]
[BlackElo "1274"]
[Opening "Queen's pawn game"]
[ECO "A45"]
[NIC "QP.07"]
[Time "15:12:59"]
[TimeControl "600+3"]

1. d4 Nf6 2. e3 g6 3. Bd3 Bg7 4. Nd2 O-O 5. f4 c5 6. c3 cxd4 7. exd4 d6 8.
Ngf3 b6 9. Qe2 Bb7 10. O-O Nbd7 11. Ne4 Re8 12. Bd2 Qc7 13. Rae1 Nxe4 14.
Bxe4 Nf6 15. Bd3 Rad8 16. f5 d5 17. fxg6 hxg6 18. Ne5 e6 19. Bf4 Qe7 20. Bg5
Rc8 21. Ng4 Qd6 22. Nxf6+ Bxf6 23. Bxf6 Kh7 24. Qh5+ Kg8 25. Qh8#
{Black checkmated}
1-0

[Event "ICC tourney 1904 (10 3)"]
[Site "Internet Chess Club"]
[Date "2020.07.05"]
[Round "6"]
[White "NamanSingh283"]
[Black "chesslead"]
[Result "1/2-1/2"]
[ICCResult "Game drawn by mutual agreement"]
[WhiteElo "1782"]
[BlackElo "1589"]
[Opening "English opening"]
[ECO "A20"]
[NIC "EO.24"]
[Time "15:11:05"]
[TimeControl "600+3"]

1. c4 e5 2. g3 Nf6 3. Bg2 d5 4. cxd5 Nxd5 5. Nf3 Nc6 6. O-O Nb6 7. d3 Be7 8.
Nc3 O-O 9. a3 Be6 10. b4 a6 11. Bb2 Qd7 12. Ne4 f6 13. Rc1 Rfd8 14. Qc2 Bf7
15. Nc5 Bxc5 16. bxc5 Nc8 17. d4 Bg6 18. e4 exd4 19. Nxd4 Nxd4 20. Bxd4 Ne7
21. Rfd1 Qe6 22. Qb2 Nc6 23. Bc3 Rxd1+ 24. Rxd1 Rd8 25. Rxd8+ Nxd8 26. e5 f5
27. Bxb7 Nxb7 28. Qxb7 Be8 29. Qxc7 Bb5 30. Qd8+ Kf7 31. Qd6 Bc6 32. Ba5 Bb5
33. Qc7+ Kg8 34. h4 h5 35. Qd6 Qc4 36. Qd8+ Kf7 37. e6+ Qxe6 38. Bc3 Bc6 39.
Qc7+ Qd7 40. Qxd7+ Bxd7 41. Kf1 Bc6 42. Ke2 g6 43. Be5 Ke6 44. Bd6 Kd5
{Game drawn by mutual agreement}
1/2-1/2

[Event "ICC tourney 1904 (10 3)"]
[Site "Internet Chess Club"]
[Date "2020.07.05"]
[Round "6"]
[White "Adhvaith0406"]
[Black "kaleblancman"]
[Result "0-1"]
[ICCResult "White resigns"]
[WhiteElo "1395"]
[BlackElo "1732"]
[Opening "Petrov: classical attack, Chigorin variation"]
[ECO "C42"]
[NIC "RG.06"]
[Time "15:11:12"]
[TimeControl "600+3"]

1. e4 e5 2. Nf3 Nf6 3. Nxe5 d6 4. Nf3 Nxe4 5. d4 d5 6. Bd3 Nc6 7. O-O Be7 8.
Re1 Bg4 9. c3 f5 10. h3 Bh5 11. Be2 O-O 12. Ne5 Bxe2 13. Nxc6 Bxd1 14. Nxd8
Raxd8 15. Rxd1 c6 16. f3 Nd6 17. Bf4 Kf7 18. Nd2 g5 19. Be5 h5 20. Re1 f4
21. Bxd6 Bxd6 22. Re2 Rde8 23. Rae1 Rxe2 24. Rxe2 Re8 25. Rxe8 Kxe8 26. Nf1
b5 27. h4 gxh4 28. Kh2 a5 29. Kh3 Be7 30. Nd2 b4 31. Nb3 a4 32. Nc1 a3 33.
bxa3 bxc3 34. a4 Bf6 35. a5 Kd8 36. Nb3 c2 37. Kh2 Bxd4 38. a4 Be3 39. Kh3
c1=Q 40. Nxc1 Bxc1 41. Kxh4 d4 42. Kxh5 d3 43. g4 fxg3 44. f4 Bxf4
{White resigns}
0-1

[Event "ICC tourney 1904 (10 3)"]
[Site "Internet Chess Club"]
[Date "2020.07.05"]
[Round "6"]
[White "Lock5"]
[Black "Knightboy123"]
[Result "1-0"]
[ICCResult "Black checkmated"]
[WhiteElo "1374"]
[BlackElo "1279"]
[Opening "Sicilian: Najdorf, 7.f4"]
[ECO "B96"]
[NIC "SI.06"]
[Time "15:11:05"]
[TimeControl "600+3"]

1. e4 c5 2. Nf3 d6 3. d4 cxd4 4. Nxd4 Nf6 5. Nc3 a6 6. Bg5 e6 7. f4 Nbd7 8.
Qf3 Qc7 9. O-O-O b5 10. g4 Bb7 11. Bxf6 Nxf6 12. g5 Nd7 13. Bh3 Nc5 14. Rhe1
Rc8 15. Nd5 exd5 16. exd5+ Be7 17. Bxc8 Qxc8 18. f5 Kf8 19. f6 gxf6 20. gxf6
Bd8 21. Qf4 Bxf6 22. Qxf6 Rg8 23. Qxd6+ Kg7 24. Rg1+ Kh8 25. Qf6+ Rg7 26.
Qxg7# {Black checkmated} 1-0

[Event "ICC tourney 1904 (10 3)"]
[Site "Internet Chess Club"]
[Date "2020.07.05"]
[Round "6"]
[White "krishghosh"]
[Black "Xqpnc28"]
[Result "1/2-1/2"]
[ICCResult "White stalemated"]
[WhiteElo "1187"]
[BlackElo "1188"]
[Opening "Queen's bishop game"]
[ECO "D02"]
[NIC "QP.06"]
[Time "15:11:20"]
[TimeControl "600+3"]

1. d4 Nf6 2. Nf3 d5 3. Bf4 Bf5 4. Nbd2 e6 5. e3 Bd6 6. Bg3 O-O 7. c3 Bxg3 8.
hxg3 Nbd7 9. Nh4 Bg6 10. Nxg6 fxg6 11. Bd3 c5 12. g4 c4 13. Bc2 e5 14. g5
Ne8 15. dxe5 Nxe5 16. f4 Nc6 17. Nf3 Nc7 18. Kf2 Qe7 19. g3 Rae8 20. Re1 Qe6
21. Kg2 b5 22. Nd4 Nxd4 23. Qd3 Nxc2 24. Qxc2 Qe4+ 25. Qxe4 dxe4 26. Rad1
Rd8 27. Rxd8 Rxd8 28. Re2 Rd3 29. Kh3 Nd5 30. Kg4 Nxe3+ 31. Kh3 Nf1 32. Rg2
Kf7 33. b3 cxb3 34. axb3 Rxc3 35. b4 Rb3 36. f5 gxf5 37. g6+ hxg6 38. Kh4
Rxb4 39. g4 e3 40. Re2 Rxg4+ 41. Kh3 Rg3+ 42. Kh4 f4 43. Rxe3 fxe3
{White stalemated}
1/2-1/2

[Event "ICC tourney 1904 (10 3)"]
[Site "Internet Chess Club"]
[Date "2020.07.05"]
[Round "6"]
[White "albli"]
[Black "hursha6b5"]
[Result "1/2-1/2"]
[ICCResult "Game drawn by mutual agreement"]
[WhiteElo "1620"]
[BlackElo "1669"]
[Opening "Giuoco Pianissimo"]
[ECO "C50"]
[NIC "IG.02"]
[Time "15:11:25"]
[TimeControl "600+3"]

1. e4 e5 2. Nf3 Nc6 3. Bc4 Bc5 4. d3 Nf6 5. c3 d6 6. O-O a6 7. a3 h6 8. Re1
O-O 9. Nbd2 Ba7 10. Nf1 Bg4 11. h3 Be6 12. Bb3 Qd7 13. Ng3 Bxh3 14. gxh3
Qxh3 15. Qe2 Qxg3+ 16. Kh1 Qh3+ 17. Nh2 Ne7 18. Rg1 Kh8 19. Rg3 Qh5 20. Qf1
Qh4 21. Rh3 Qxf2 22. Qxf2 Bxf2 23. Bxh6 gxh6 24. Rf1 Bb6 25. Rxf6 Kg7 26.
Rfxh6 Rh8 27. Rxh8 Rxh8 28. Rxh8 Kxh8 29. Bxf7 Kg7 30. Bb3 Kf6 31. Kg2 Kg5
32. Kg3 Ng6 33. Nf3+ Kf6 34. d4 c6 35. Kf2 Nf4 36. Ke3 Ne6 37. Bxe6 Kxe6 38.
Kd3 Bd8 39. Nd2 Bg5 40. Nc4 Bd8 41. b4 b5 42. Ne3 Bg5 43. Ng4 Bc1 44. dxe5
dxe5 45. a4 bxa4 46. Kc2 Ba3 47. Ne3 c5 48. Nd5 Kd6 49. Kb1 Kc6 50. Ka2 Bc1
51. Kb1 Bf4 52. Ka2 Kb5 53. Nc7+ Kc4 54. Nxa6 cxb4 55. cxb4 Kb5 56. Nc5 Kxb4
57. Nd3+ Kc4 58. Nb2+ Kd4 59. Nxa4 Kxe4 60. Kb3 Kf3 61. Kc2 e4 62. Nc3 e3
63. Kd1 Be5 64. Ne2 Kf2 65. Nc1 Bc3 66. Ne2 Be5 67. Nc1 Bc7 68. Ne2 Ba5 69.
Nc1 Bd2 70. Ne2 Kf3 71. Nd4+ Ke4 72. Ne2 Kf3 73. Nd4+ Kf4 74. Ne2+ Ke4 75.
Ng3+ Kd3 76. Ne2 Bb4 77. Nc1+ Ke4 78. Ke2 Bd2 79. Nb3 Bc3 80. Nc5+ Kd4 81.
Nd3 Bd2 82. Nf4 Ke4 83. Ng2 {Game drawn by mutual agreement} 1/2-1/2

[Event "ICC tourney 1904 (10 3)"]
[Site "Internet Chess Club"]
[Date "2020.07.05"]
[Round "6"]
[White "Viking21"]
[Black "atippa"]
[Result "1-0"]
[ICCResult "Black resigns"]
[WhiteElo "1512"]
[BlackElo "1399"]
[Opening "Two knights defense"]
[ECO "C58"]
[NIC "KP.01"]
[Time "15:11:03"]
[TimeControl "600+3"]

1. e4 e5 2. Nf3 Nc6 3. Bc4 Nf6 4. Ng5 d5 5. exd5 Na5 6. Bb5+ c6 7. dxc6 bxc6
8. Bd3 Nd5 9. Nf3 Nf4 10. Bf1 e4 11. d4 exf3 12. Bxf4 fxg2 13. Bxg2 Qe7+ 14.
Kf1 Ba6+ 15. Kg1 Rd8 16. Nc3 Qd7 17. d5 cxd5 18. Nxd5 Bd6 19. Bxd6 Qxd6 20.
Qe1+ Kf8 21. Qxa5 Bc4 22. Ne3 {Black resigns} 1-0

[Event "ICC tourney 1904 (10 3)"]
[Site "Internet Chess Club"]
[Date "2020.07.05"]
[Round "6"]
[White "ivo20"]
[Black "DankMemer"]
[Result "1/2-1/2"]
[ICCResult "Game drawn by repetition"]
[WhiteElo "1200"]
[BlackElo "1160"]
[Opening "French: advance, Nimzovich system"]
[ECO "C02"]
[NIC "FR.03"]
[Time "15:11:05"]
[TimeControl "600+3"]

1. d4 e6 2. e4 d5 3. e5 c5 4. Nf3 cxd4 5. Nxd4 Nc6 6. Bb5 Qc7 7. Bxc6+ bxc6
8. O-O c5 9. Nb5 Qxe5 10. g3 Qb8 11. a4 Bd6 12. Re1 Nf6 13. Bg5 Ne4 14. Rxe4
dxe4 15. Nxd6+ Kf8 16. Nb5 Bb7 17. Bf4 Qc8 18. Nd6 Qc6 19. Nc3 e3 20. Nxb7
exf2+ 21. Kxf2 Qxb7 22. Qd6+ Qe7 23. Qc6 Rd8 24. Nb5 Kg8 25. Bd6 Qf6+ 26.
Ke2 Qxb2 27. Qc7 Re8 28. Be5 Qxc2+ 29. Kf3 Qd3+ 30. Kg2 Qe2+ 31. Kh3 Qh5+
32. Kg2 Qe2+ 33. Kg1 Qe3+ 34. Kg2 Qe2+ 35. Kh3 Qh5+ 36. Kg2 Qe2+ 37. Kh1
Qf3+ 38. Kg1 Qe3+ 39. Kf1 Qd3+ 40. Kf2 Qd2+ 41. Kf3 Qd3+ 42. Kf4 Qd2+ 43.
Kg4 h5+ 44. Kh3 h4 45. g4 Qe3+ 46. Kg2 Qe2+ 47. Kg1 Qxg4+ 48. Kf1 Qf3+ 49.
Ke1 Qe3+ 50. Kd1 Qd3+ 51. Kc1 Qe3+ 52. Kb2 Qd2+ 53. Kb3 Qd3+ 54. Nc3 Kh7 55.
Qxf7 c4+ 56. Kb4 Rb8+ 57. Bxb8 Rxb8+ 58. Nb5 a5+ 59. Kxa5 Ra8+ 60. Kb4 Qd2+
61. Kc5 Qd5+ 62. Kb4 Qd2+ 63. Kc5 Qd5+ 64. Kb4 Qd2+ 65. Kc5
{Game drawn by repetition}
1/2-1/2

[Event "ICC tourney 1904 (10 3)"]
[Site "Internet Chess Club"]
[Date "2020.07.05"]
[Round "6"]
[White "wildrumpus"]
[Black "mathewjiang"]
[Result "1-0"]
[ICCResult "Black checkmated"]
[WhiteElo "1312"]
[BlackElo "1138"]
[Opening "Queen's pawn: stonewall attack"]
[ECO "D00"]
[NIC "QP.08"]
[Time "15:13:19"]
[TimeControl "600+3"]

1. d4 d5 2. e3 Nf6 3. Bd3 c5 4. c3 Nc6 5. f4 e6 6. Nd2 Be7 7. Ngf3 O-O 8.
O-O b6 9. Ne5 Bb7 10. Qf3 Rc8 11. Qh3 h6 12. Rf3 Kh8 13. Rg3 Bd6 14. Ndf3
Qe7 15. Nh4 Kg8 16. Nhg6 fxg6 17. Nxg6 Qf7 18. Nxf8 Qxf8 19. Qxh6 Rc7 20.
Qh3 Qe7 21. Bd2 c4 22. Bc2 b5 23. Rf1 a5 24. Rg5 b4 25. Rf3 Qf8 26. Qxe6+
Kh8 27. Rh3+ Nh5 28. Rhxh5# {Black checkmated} 1-0

[Event "ICC tourney 1904 (10 3)"]
[Site "Internet Chess Club"]
[Date "2020.07.05"]
[Round "6"]
[White "Ghostrook"]
[Black "babu12020"]
[Result "0-1"]
[ICCResult "White resigns"]
[WhiteElo "1353"]
[BlackElo "1410"]
[Opening "French: advance, Wade variation"]
[ECO "C02"]
[NIC "FR.03"]
[Time "15:11:23"]
[TimeControl "600+3"]

1. e4 e6 2. d4 d5 3. e5 c5 4. c3 Bd7 5. Nf3 Qb6 6. Bd3 cxd4 7. cxd4 Bb5 8.
O-O Nc6 9. Bxb5 Qxb5 10. Nc3 Qa5 11. Qb3 Qb4 12. Qa4 Qxa4 13. Nxa4 Nge7 14.
b3 Nf5 15. Rd1 Bb4 16. g4 Nfe7 17. a3 Ba5 18. b4 Bc7 19. Bg5 h6 20. Bxe7
Kxe7 21. Rac1 Rhc8 22. Rc3 Kd8 23. Rdc1 Bb6 24. Nxb6 axb6 25. h4 Na7 26. g5
Rxc3 27. Rxc3 Nb5 28. gxh6 Nxc3 29. hxg7 Ke7 30. h5 Ne2+ 31. Kh2 Nf4 32. h6
Nh5 33. Kh3 Nxg7 34. hxg7 Rg8 35. Kg4 Rxg7+ 36. Kf4 Rg8 37. Ne1 Rc8 38. Kg5
Rc4 {White resigns} 0-1

[Event "ICC tourney 1904 (10 3)"]
[Site "Internet Chess Club"]
[Date "2020.07.05"]
[Round "6"]
[White "CastledQueen"]
[Black "wolfemonster"]
[Result "0-1"]
[ICCResult "White resigns"]
[WhiteElo "1481"]
[BlackElo "1494"]
[Opening "Sicilian: wing gambit"]
[ECO "B20"]
[NIC "SI.48"]
[Time "15:11:32"]
[TimeControl "600+3"]

1. e4 c5 2. b4 cxb4 3. Bb2 d5 4. e5 Nc6 5. d4 Bf5 6. Nf3 e6 7. Nbd2 Nge7 8.
Be2 h6 9. h3 Bh7 10. O-O Nf5 11. g4 Nfe7 12. Nh2 Qb6 13. Nb3 Ng6 14. f4 Nh4
15. Nf3 Nxf3+ 16. Bxf3 Be7 17. Qe2 a5 18. f5 a4 19. Nd2 Nxd4 20. Qf2 Nxf3+
21. Nxf3 Bc5 22. Bd4 Bxd4 23. Nxd4 O-O-O 24. Rab1 exf5 25. gxf5 Rhe8 26. Qf4
Rd7 27. Kg2 Rde7 28. Rfe1 Rc7 29. e6 fxe6 30. Rxe6 Rxe6 31. fxe6 Be4+ 32.
Kg3 Rc3+ 33. Kh2 Qxd4 34. Qf8+ Kc7 35. Qe7+ Kb8 36. Qd8+ Rc8 37. Qd6+ Ka8
38. Qg3 Rxc2+ {White resigns} 0-1